MLB
OAKLAND ATHLETICS @ SEATTLE MARINERS
08/05/2098
 
TOP OF THE 1ST
Oakland Athletics batting - Pitching for Seattle Mariners : LHP Aaron Doyle
Pitching: LHP Aaron Doyle
Batting: LHB Ryan Tipton 0-0: Called Strike
0-1: Ground out 6-3 (Groundball, 6, EV 85.6 MPH)
Batting: RHB Ben Celeste 0-0: Ball
1-0: Ground out 4-3 (Groundball, 4M, EV 101.9 MPH)
Batting: LHB Pat Wilson 0-0: Ball
1-0: Ball
2-0: Fly out, F8 (Line Drive, 8RD, EV 96.9 MPH)
Top of the 1st over - 0 runs, 0 hits, 0 errors, 0 left on base; Oakland 0 - Seattle 0
BOTTOM OF THE 1ST
Seattle Mariners batting - Pitching for Oakland Athletics : LHP Brendon Howell
Pitching: LHP Brendon Howell
Batting: RHB Jonathan Becktell 0-0: Foul Ball, location: 3SF
0-1: Called Strike
0-2: Strikes out swinging
Batting: SHB John Brownfield 0-0: Called Strike
0-1: Ball
1-1: Foul Ball, location: 2F
1-2: Foul Ball, location: 2F
1-2: Strikes out swinging, 2-3 out at first.
Batting: RHB Jaime Callahan 0-0: Called Strike
0-1: Ball
1-1: Ball
2-1: Foul Ball, location: 23F
2-2: SINGLE (Groundball, 34D, EV 94.4 MPH)
Batting: LHB Keith Bundy 0-0: Called Strike
0-1: Ball
1-1: Ball
2-1: Ground out 4-3 (Groundball, 4, EV 91.9 MPH)
Bottom of the 1st over - 0 runs, 1 hit, 0 errors, 1 left on base; Oakland 0 - Seattle 0
TOP OF THE 2ND
Oakland Athletics batting - Pitching for Seattle Mariners : LHP Aaron Doyle
Batting: LHB Ivan Suarez 0-0: Ball
1-0: Ball
2-0: Called Strike
2-1: Foul Ball, location: 2F
2-2: SINGLE (Groundball, 6S, EV 70.0 MPH) (infield hit)
Batting: RHB Randy Fowler 0-0: Swinging Strike
0-1: Ball
1-1: Foul Ball, location: 23F
1-2: SINGLE (Groundball, 56D, EV 103.1 MPH)
Ivan Suarez to second
Batting: RHB Joey George 0-0: Grounds into double play, 3-6-3 (Groundball, 34S, EV 87.5 MPH)
Ivan Suarez to third
Batting: RHB Jerome Bathgate 0-0: Ball
1-0: DOUBLE (Line Drive, 9LD, EV 106.3 MPH)
Ivan Suarez scores
Batting: LHB Gene Del Vecchio 0-0: Ball
1-0: Swinging Strike
1-1: Ball
2-1: Swinging Strike
2-2: Foul Ball, location: 25FF
2-2: Strikes out swinging
Top of the 2nd over - 1 run, 3 hits, 0 errors, 1 left on base; Oakland 1 - Seattle 0
BOTTOM OF THE 2ND
Seattle Mariners batting - Pitching for Oakland Athletics : LHP Brendon Howell
Batting: RHB Kenny Dahl 0-0: Foul Ball, location: 2F
0-1: Ball
1-1: Foul Ball, location: 2F
1-2: SINGLE (Flyball, 4MD, EV 95.0 MPH)
Batting: SHB Rob Brady 0-0: Called Strike
0-1: Called Strike
0-2: Ball
1-2: Fly out, F8 (Flyball, 8RS, EV 86.3 MPH)
Batting: RHB Jose Ruiz 0-0: Foul Ball, location: 9LDF
0-1: Swinging Strike
0-2: Foul Ball, location: 5FF
0-2: Strikes out swinging
Batting: RHB John Ables 0-0: Ball
1-0: Ball
2-0: Called Strike
2-1: Ball
Kenny Dahl steals 2nd base
3-1: Base on Balls
Batting: LHB Jon Garza 0-0: Called Strike
0-1: Ball
1-1: Foul Ball, location: 2F
1-2: Ball
2-2: Fly out, F5 (Popup, 5L, EV 68.8 MPH)
Bottom of the 2nd over - 0 runs, 1 hit, 0 errors, 2 left on base; Oakland 1 - Seattle 0
TOP OF THE 3RD
Oakland Athletics batting - Pitching for Seattle Mariners : LHP Aaron Doyle
Batting: RHB Tom Karr 0-0: Foul Ball, location: 9LMF
0-1: Fly out, F8 (Flyball, 8RD, EV 89.4 MPH)
Batting: LHB Ryan Tipton 0-0: Called Strike
0-1: SINGLE (Groundball, 6MD, EV 103.1 MPH)
Batting: RHB Ben Celeste 0-0: Ball
1-0: Called Strike
Ryan Tipton steals 2nd base
1-1: Foul Ball, location: 3DF
1-2: Fly out, F8 (Line Drive, 8LS, EV 95.0 MPH)
Batting: LHB Pat Wilson 0-0: Foul Ball, location: 2F
0-1: Called Strike
0-2: Strikes out looking
Top of the 3rd over - 0 runs, 1 hit, 0 errors, 1 left on base; Oakland 1 - Seattle 0
BOTTOM OF THE 3RD
Seattle Mariners batting - Pitching for Oakland Athletics : LHP Brendon Howell
Batting: RHB Jonathan Becktell 0-0: Ball
1-0: Foul Ball, location: 2F
1-1: Swinging Strike
1-2: Foul Ball, location: 3SF
1-2: Strikes out looking
Batting: SHB John Brownfield 0-0: Ball
1-0: Ball
2-0: Called Strike
2-1: SINGLE (Line Drive, 8LS, EV 86.3 MPH)
Batting: RHB Jaime Callahan 0-0: Swinging Strike
0-1: Foul Ball, location: 5FF
0-2: Fly out, F7 (Flyball, 7, EV 84.4 MPH)
Batting: LHB Keith Bundy 0-0: Ball
1-0: Fly out, F7 (Flyball, 78M, EV 78.1 MPH)
Bottom of the 3rd over - 0 runs, 1 hit, 0 errors, 1 left on base; Oakland 1 - Seattle 0
TOP OF THE 4TH
Oakland Athletics batting - Pitching for Seattle Mariners : LHP Aaron Doyle
Batting: LHB Ivan Suarez 0-0: Ball
1-0: Ball
2-0: Ball
3-0: Base on Balls
Batting: RHB Randy Fowler 0-0: Ball
1-0: Swinging Strike
1-1: Ball
2-1: SINGLE (Groundball, 4MD, EV 101.9 MPH)
Ivan Suarez to second
Batting: RHB Joey George 0-0: Grounds into double play, 4-6-3 (Groundball, 4, EV 107.5 MPH)
Ivan Suarez to third
Batting: RHB Jerome Bathgate 0-0: Ball
1-0: Foul Ball, location: 2F
1-1: Called Strike
1-2: Ground out 6-3 (Groundball, 6, EV 83.8 MPH)
Top of the 4th over - 0 runs, 1 hit, 0 errors, 1 left on base; Oakland 1 - Seattle 0
BOTTOM OF THE 4TH
Seattle Mariners batting - Pitching for Oakland Athletics : LHP Brendon Howell
Batting: RHB Kenny Dahl 0-0: Ball
1-0: Foul Ball, location: 25FF
1-1: Ball
2-1: Called Strike
2-2: DOUBLE (Line Drive, 7LS, EV 91.9 MPH)
Batting: SHB Rob Brady 0-0: Swinging Strike
0-1: Ball
1-1: Foul Ball, location: 2F
1-2: Ball
2-2: Ball
3-2: Base on Balls
Batting: RHB Jose Ruiz 0-0: Ball
1-0: Fly out, F7 (Flyball, 7D, EV 103.8 MPH)
Runner from 2nd tags up, SAFE at 3rd, no throw by LF
Batting: RHB John Ables 0-0: Foul Ball, location: 2LF
0-1: Foul Ball, location: 2F
0-2: Ball
1-2: Foul Ball, location: 25F
1-2: Ball
2-2: SINGLE (Line Drive, 8RS, EV 109.4 MPH)
Kenny Dahl scores
Rob Brady to second
Batting: LHB Jon Garza 0-0: Called Strike
0-1: Ball
1-1: Ball
2-1: Called Strike
2-2: Strikes out swinging
Batting: RHB Jonathan Becktell 0-0: Called Strike
0-1: Ball
1-1: SINGLE (Line Drive, 5D, EV 96.9 MPH)
Rob Brady to third
John Ables to second
Runner from 3rd tries for Home, SAFE, throw by LF to home
Batting: SHB John Brownfield 0-0: Ground out 6-3 (Groundball, 6S, EV 86.3 MPH)
Bottom of the 4th over - 2 runs, 3 hits, 0 errors, 2 left on base; Oakland 1 - Seattle 2
TOP OF THE 5TH
Oakland Athletics batting - Pitching for Seattle Mariners : LHP Aaron Doyle
Pitching: RHP Trevor Killy
Batting: LHB Gene Del Vecchio 0-0: Called Strike
0-1: Foul Ball, location: 9LDF
0-2: Strikes out looking
Pinch Hitting: LHB Kyle O'Connor 0-0: Foul Ball, location: 5F
0-1: Ball
1-1: Called Strike
1-2: DOUBLE (Line Drive, 5D, EV 100.0 MPH)
Batting: LHB Ryan Tipton 0-0: Called Strike
0-1: Ball
1-1: Fielders Choice at 3rd, 6-5 (Groundball, 6, EV 108.8 MPH)
Batting: RHB Ben Celeste 0-0: Called Strike
Ryan Tipton steals 2nd base (no throw)
0-1: Swinging Strike
0-2: Strikes out swinging
Top of the 5th over - 0 runs, 1 hit, 0 errors, 1 left on base; Oakland 1 - Seattle 2
BOTTOM OF THE 5TH
Seattle Mariners batting - Pitching for Oakland Athletics : LHP Brendon Howell
Now at SS: David Reichel
Batting: RHB Jaime Callahan 0-0: Called Strike
0-1: Called Strike
0-2: Ball
1-2: Ball
2-2: Foul Ball, location: 3F
2-2: Ball
3-2: SOLO HOME RUN (Flyball, 78XD, EV 96.3 MPH), Distance : 387 ft
Batting: LHB Keith Bundy 0-0: Ball
1-0: Ball
2-0: SINGLE (Line Drive, 4MD, EV 94.4 MPH)
Pitching: RHP Dylan Mayes
Batting: RHB Kenny Dahl 0-0: Ball
1-0: Foul Ball, location: 7LDF
1-1: Ball
2-1: Grounds into double play, 6-4-3 (Groundball, 6, EV 88.8 MPH)
Batting: SHB Rob Brady 0-0: Ball
1-0: Called Strike
1-1: Foul Ball, location: 5FF
1-2: Foul Ball, location: 2F
1-2: Ball
2-2: Ground out U3 (Groundball, 3, EV 99.4 MPH)
Bottom of the 5th over - 1 run, 2 hits, 0 errors, 0 left on base; Oakland 1 - Seattle 3
TOP OF THE 6TH
Oakland Athletics batting - Pitching for Seattle Mariners : RHP Trevor Killy
Batting: LHB Pat Wilson 0-0: Ball
1-0: Ball
2-0: Called Strike
2-1: Foul Ball, location: 7LSF
2-2: Foul Ball, location: 9LMF
2-2: Strikes out swinging
Pitching: RHP Mike Hartnagel
Batting: LHB Ivan Suarez 0-0: Ball
1-0: Ground out 4-3 (Groundball, 4, EV 103.8 MPH)
Batting: RHB Randy Fowler 0-0: Ball
1-0: Foul Ball, location: 2F
1-1: Fly out, F7 (Flyball, 7, EV 85.0 MPH)
Top of the 6th over - 0 runs, 0 hits, 0 errors, 0 left on base; Oakland 1 - Seattle 3
BOTTOM OF THE 6TH
Seattle Mariners batting - Pitching for Oakland Athletics : RHP Dylan Mayes
Batting: RHB Jose Ruiz 0-0: Ball
1-0: Ball
2-0: Ball
3-0: Swinging Strike
3-1: Foul Ball, location: 5F
3-2: Strikes out swinging
Batting: RHB John Ables 0-0: Ball
1-0: Called Strike
1-1: Ball
2-1: Fly out, F8 (Flyball, 89M, EV 98.1 MPH)
Batting: LHB Jon Garza 0-0: Ball
1-0: Swinging Strike
1-1: Ball
2-1: SOLO HOME RUN (Flyball, 7D, EV 95.6 MPH), Distance : 366 ft
Batting: RHB Jonathan Becktell 0-0: Ball
1-0: Ball
2-0: Ball
3-0: Called Strike
3-1: SINGLE (Line Drive, 7S, EV 87.5 MPH)
Pitching: LHP Justin Thomas
Batting: SHB John Brownfield 0-0: Ball
1-0: Called Strike
1-1: Fly out, F9 (Flyball, 9LS, EV 85.6 MPH)
Bottom of the 6th over - 1 run, 2 hits, 0 errors, 1 left on base; Oakland 1 - Seattle 4
TOP OF THE 7TH
Oakland Athletics batting - Pitching for Seattle Mariners : RHP Mike Hartnagel
Batting: RHB Joey George 0-0: Ground out 4-3 (Groundball, 4, EV 108.8 MPH)
Batting: RHB Jerome Bathgate 0-0: Fly out, F9 (Flyball, 9S, EV 93.8 MPH)
Batting: LHB Gene Del Vecchio 0-0: Swinging Strike
0-1: Ball
1-1: Fly out, F6 (Line Drive, 6, EV 70.6 MPH)
Top of the 7th over - 0 runs, 0 hits, 0 errors, 0 left on base; Oakland 1 - Seattle 4
BOTTOM OF THE 7TH
Seattle Mariners batting - Pitching for Oakland Athletics : LHP Justin Thomas
Batting: RHB Jaime Callahan 0-0: Ball
1-0: Ball
2-0: Fly out, F5 (Popup, 56S, EV 76.9 MPH)
Batting: LHB Keith Bundy 0-0: Swinging Strike
0-1: Ball
1-1: Ground out 4-3 (Groundball, 4S, EV 90.0 MPH)
Batting: RHB Kenny Dahl 0-0: Swinging Strike
0-1: Ball
1-1: Ball
2-1: Foul Ball, location: 23FF
2-2: Strikes out swinging
Bottom of the 7th over - 0 runs, 0 hits, 0 errors, 0 left on base; Oakland 1 - Seattle 4
TOP OF THE 8TH
Oakland Athletics batting - Pitching for Seattle Mariners : RHP Mike Hartnagel
Batting: RHB David Reichel 0-0: Swinging Strike
0-1: Foul Ball, location: 5F
0-2: Foul Ball, location: 9LMF
0-2: Strikes out looking
Batting: LHB Ryan Tipton 0-0: Called Strike
0-1: Ball
1-1: DOUBLE (Line Drive, 89M, EV 100.0 MPH)
Batting: RHB Ben Celeste 0-0: Ball
1-0: Ball
2-0: Ball
3-0: Called Strike
3-1: Fly out, F8 (Line Drive, 8LD, EV 98.8 MPH)
Batting: LHB Pat Wilson 0-0: Ball
1-0: Foul Ball, location: 23F
1-1: Foul Ball, location: 2F
1-2: Ground out 3-1 (Groundball, 34S, EV 86.9 MPH)
Top of the 8th over - 0 runs, 1 hit, 0 errors, 1 left on base; Oakland 1 - Seattle 4
BOTTOM OF THE 8TH
Seattle Mariners batting - Pitching for Oakland Athletics : LHP Justin Thomas
Batting: SHB Rob Brady 0-0: Ball
1-0: Ball
2-0: Called Strike
2-1: Foul Ball, location: 23FF
2-2: Foul Ball, location: 7LDF
2-2: Foul Ball, location: 9LSF
2-2: Foul Ball, location: 2F
2-2: Ball
3-2: Base on Balls
Batting: RHB Jose Ruiz 0-0: SINGLE (Groundball, 34D, EV 102.5 MPH)
Rob Brady to second
Runner from 2nd tries for 3rd, SAFE, throw by RF made to third
Batting: RHB John Ables 0-0: Foul Ball, location: 2F
0-1: Foul Ball, location: 2F
0-2: Ball
1-2: Fielders Choice at home, 6-2 (Groundball, 6S, EV 68.8 MPH)
Jose Ruiz to second
Batting: LHB Jon Garza 0-0: Ball
1-0: Fly out, F7 (Line Drive, 78M, EV 104.4 MPH)
Batting: RHB Jonathan Becktell 0-0: Ball
1-0: Called Strike
1-1: Fielders Choice at 2nd, U6 (Groundball, 6M, EV 88.8 MPH)
Bottom of the 8th over - 0 runs, 1 hit, 0 errors, 2 left on base; Oakland 1 - Seattle 4
TOP OF THE 9TH
Oakland Athletics batting - Pitching for Seattle Mariners : RHP Mike Hartnagel
Pitching: RHP Tony Soto
Batting: LHB Ivan Suarez 0-0: Foul Ball, location: 2F
0-1: Foul Ball, location: 7LDF
0-2: Ball
1-2: Strikes out swinging
Pinch Hitting: LHB Mario Marquez 0-0: Called Strike
0-1: Called Strike
0-2: Strikes out swinging
Batting: RHB Joey George 0-0: Called Strike
0-1: Foul Ball, location: 9LMF
0-2: Ball
1-2: Strikes out swinging
Top of the 9th over - 0 runs, 0 hits, 0 errors, 0 left on base; Oakland 1 - Seattle 4
Thursday, April 11th , 2024 - OOTP Baseball 24.11 Build 85